 Dungeon Crawl Stone Soup version 0.16-a0-3496-g6490362 (webtiles) character file.

231763 PolkaDot the Maledictor (level 18, -1/110 HPs)
             Began as a Vampire Enchanter on Jan 4, 2015.
             Was the Champion of Dithmenos.
             Slain by a greater naga (15 damage)
             ... on level 5 of the Snake Pit on Jan 5, 2015.
             The game lasted 03:49:59 (48774 turns).

PolkaDot the Maledictor (Vampire Enchanter)        Turns: 48774, Time: 03:49:59

Health: -1/110     AC: 21    Str: 13    XL:     18   Next: 36%
Magic:  26/32      EV: 11    Int: 24    God:    Dithmenos [******]
Gold:   3112       SH:  5    Dex: 14    Spells: 10 memorised, 2 levels left

rFire  + . .     SeeInvis +     p - +7 dagger (vamp)
rCold  + + +     Clarity  .     j - quicksilver dragon armour
rNeg   + + +     SustAb   +     a - +0 buckler
rPois  +         Gourm    .     l - +1 helmet
rElec  +         Spirit   .     k - +0 cloak "Smytu" {rElec rCorr Int+4 Curse} (curse)
rCorr  +         Warding  .     V - +2 pair of gloves "Primivek" {+Rage rC+}
rMut   .         Stasis   .     F - +2 pair of boots
MR     ++...                    A - amulet of regeneration
Stlth  ++++++++++               i - ring "Twe Rimp" {rElec rF+ Str+3}
                                o - ring of sustain abilities

@: lethally poisoned, about to teleport, regenerating slowly, wreathed by umbra,
constricted, very resistant to hostile enchantments, uncannily stealthy
A: bottle blood, fangs 3, see invisible, unbreathing
a: Bat Form, Shadow Step, Shadow Form, Renounce Religion, Evoke Berserk Rage
}: 2/15 runes: serpentine, barnacled


You were on level 5 of the Snake Pit.
You worshipped Dithmenos.
Dithmenos was exalted by your worship.
You were near bloodless.

You visited 5 branches of the dungeon, and saw 34 of its levels.
You also visited: Bailey, Ice Cave and Volcano.

You collected 3662 gold pieces.
You spent 550 gold pieces at shops.

Inventory:

Hand weapons
 p - a +7 vampiric dagger (weapon)
Missiles
 C - 11 throwing nets (quivered)
Armour
 a - a +0 buckler (worn)
 j - a quicksilver dragon armour (worn)
 k - the cursed +0 cloak "Smytu" (worn) {rElec rCorr Int+4 Curse}
   (You found it on level 3 of the Shoals)

   It affects your intelligence (+4).
   It insulates you from electricity.
   It may recurse itself when equipped.
   It protects you from acid and corrosion.
   It has a curse placed upon it.
 l - a +1 helmet (worn)
 F - a +2 pair of boots (worn)
 V - the +2 pair of gloves "Primivek" (worn) {+Rage rC+}
   (You found it on level 13 of the Dungeon)

   It protects you from cold.
   It lets you go berserk.
Jewellery
 i - the ring "Twe Rimp" (right hand) {rElec rF+ Str+3}
   (You found it on level 8 of the Lair of Beasts)

   [ring of protection from fire]

   It affects your strength (+3).
   It protects you from fire.
   It insulates you from electricity.
 o - a ring of sustain abilities (left hand)
 A - an amulet of regeneration (around neck)
 J - the amulet of Rerab {Stasis Dex+4 SInv}
   (You found it on level 9 of the Dungeon)

   [amulet of stasis]

   It prevents you from being teleported, slowed, hasted or paralysed.
   It affects your dexterity (+4).
   It enhances your eyesight.
Magical devices
 b - a wand of slowing (20)
 c - a wand of digging (12)
 h - a wand of paralysis (13)
 G - a wand of digging (5)
 N - a wand of disintegration (10)
 O - a wand of heal wounds (2)
Scrolls
 d - 3 scrolls of silence
 g - 8 scrolls of teleportation
 q - 6 scrolls of fear
 w - 2 scrolls of blinking
 x - 10 scrolls of remove curse
 D - 11 scrolls of identify
 E - a scroll of recharging
 H - a scroll of enchant armour
 I - a scroll of torment
 M - 2 scrolls of magic mapping
 P - 4 scrolls of amnesia
 S - a scroll of fog
Potions
 e - a potion of flight
 f - a potion of heal wounds
 r - 11 potions of curing
 s - 6 potions of cancellation
 z - 4 potions of resistance
 K - 3 potions of magic
 Q - a potion of might
 R - 3 potions of restore abilities
 Y - a potion of agility
 Z - 3 potions of brilliance
Books
 m - a book of the Sky

   Spells                             Type                      Level
   a - Flight                         Charms/Air                   3
   b - Airstrike                      Air                          4
   c - Silence                        Hexes/Air                    5
   d - Deflect Missiles               Charms/Air                   6
   e - Conjure Ball Lightning         Conjuration/Air              6
   f - Tornado                        Air                          9
 n - a book of Death

   Spells                             Type                      Level
   a - Corpse Rot                     Necromancy                   2
   b - Sublimation of Blood           Necromancy                   2
   c - Agony                          Necromancy                   5
   d - Dispel Undead                  Necromancy                   5
   e - Excruciating Wounds            Charms/Necromancy            5
   f - Bolt of Draining               Conjuration/Necromancy       5
 v - a book of Burglary

   Spells                             Type                      Level
   a - Swiftness                      Charms/Air                   2
   b - Passwall                       Transmutation/Earth          3
   c - Passage of Golubria            Translocation                4
   d - Lee's Rapid Deconstruction     Earth                        5
   e - Invisibility                   Hexes                        6
   f - Darkness                       Hexes                        7
 T - a book of Unlife

   Spells                             Type                      Level
   a - Recall                         Summoning/Translocation      3
   b - Animate Dead                   Necromancy                   4
   c - Control Undead                 Necromancy                   4
   d - Cigotuvi's Embrace             Necromancy                   5
   e - Death Channel                  Necromancy                   6
   f - Simulacrum                     Ice/Necromancy               6
Miscellaneous
 u - 2 fans of gales
 B - an ornate deck of defence {drawn: 1}
 X - a lantern of shadows


   Skills:
 + Level 1.5 Fighting
 - Level 10.8 Short Blades
 - Level 4.0 Throwing
 - Level 4.2 Armour
 - Level 2.1 Dodging
 - Level 21.2 Stealth
 - Level 5.1 Shields
 - Level 7.5 Spellcasting
 - Level 24.6 Hexes
 * Level 5.0 Charms
 - Level 6.0 Translocations
 - Level 4.0 Transmutations
 - Level 5.7 Ice Magic
 - Level 5.6 Air Magic
 + Level 4.2 Earth Magic
 - Level 10.2 Invocations
 - Level 7.1 Evocations


You had 2 spell levels left.
You knew the following spells:

 Your Spells              Type           Power        Failure   Level  Hunger
a - Corona                Hex            #######      0%          1    None
b - Sure Blade            Hex/Chrm       ######....   1%          2    None
c - Confuse               Hex            #######.     0%          3    None
d - Ensorcelled Hibernat  Hex/Ice        ######       1%          2    None
e - Enslavement           Hex            #######.     0%          4    ###....
p - Passwall              Trmt/Erth      ####......   4%          3    None
q - Blink                 Tloc           N/A          1%          2    None
A - Apportation           Tloc           #####.....   1%          1    None
D - Deflect Missiles      Chrm/Air       ####......   95%         6    ######.
I - Invisibility          Hex            #######.     1%          6    ######.


Dungeon Overview and Level Annotations

Branches:
Dungeon (15/15) Temple (1/1) D:6 Lair (8/8) D:11 Shoals (5/5) Lair:4 Snake (5/5) Lair:5 Slime (0/6) Lair:8 Orc (0/4) D:9 Vaults (0/5) D:13 D:14 Depths (0/5) D:15

Altars:
Ashenzari
Cheibriados
Dithmenos
Elyvilon
Fedhas
Gozag
Kikubaaqudgha
Makhleb
Nemelex Xobeh
Okawaru
Qazlal
Ru
Sif Muna
Trog
Vehumet
Xom
Yredelemnul
Zin
The Shining One
Beogh
Jiyva

Shops:
D:7 (   D:14 }   Shoals:1 *   Snake:1 *   Snake:3 =

Annotations:
D:9 runed door
D:13 runed door, 5 exclusions
Snake:3 exclusion: Roxanne, Roxanne


Innate Abilities, Weirdness & Mutations

You heal slowly.
You can bottle blood from corpses.
You have razor-sharp teeth.
You have supernaturally acute eyesight.
You can survive without breathing.


Message History

You resist.
* * * LOW HITPOINT WARNING * * *
The greater naga hits you but does no damage.
* * * LOW HITPOINT WARNING * * *
The greater naga constricts you. The naga mage barely misses you.
The greater naga closely misses you.
The greater naga mumbles some strange words.
The greater naga seems to speed up.
You pick up the serpentine rune and feel its power.
You now have 2 runes.
Press } to see all the runes you have collected.
You feel sick.
* * * LOW HITPOINT WARNING * * *
You are more poisoned.
The naga mage hits you with a scimitar.
* * * LOW HITPOINT WARNING * * *
The greater naga hits you from afar with a spear!
* * * LOW HITPOINT WARNING * * *
The greater naga hits you!
You die...

##### *## ##..)##
*,, ##.).))####*,.
#.)###....##,.
##..# ##....##,
#≈..## ###)..#*
*##≈).≈#**##...##
##N≈N≈)≈≈≈≈#.#.#.#
#@NNNN.)≈≈≈##...##
#N≈≈≈≈S..≈≈≈#.#.##
*#.≈≈≈≈≈≈.≈≈##....#
#..≈≈≈≈≈≈.≈##.....#
*≈..≈≈≈≈≈.##..!.).#
#≈≈.N.≈≈≈.#≈≈....†'
#≈≈.....,,#≈≈.....#
#≈≈...≈≈≈,#≈≈.....'
*≈..≈≈≈≈≈,##......#


You could see a naga warrior, 4 greater nagas, a naga ritualist, a naga mage, a
naga and a friendly sea snake.

Vanquished Creatures
  Norris (D:14)
  Nikola (Snake:3)
  Vashnia (Snake:4)
  Asterion (Snake:4)
  Rupert (Lair:6)
  3 greater nagas
  Maud (Lair:3)
  Aizul (Shoals:4)
  Louise (Snake:3)
  Gastronok (Lair:3)
  The ghost of Furman the Devastator, a mighty DECj of Sif Muna (Shoals:5)
  A white draconian (IceCv)
  A dire elephant (Lair:8)
  Snorg (Lair:6)
  4 merfolk javelineers
  7 merfolk impalers
  Josephine (D:11)
  A great orb of eyes (D:13)
  The ghost of Kemay the Spry, a powerful MfTm of Sif Muna (IceCv)
  Harold (Lair:6)
  12 naga warriors
  3 hydras
  Nessos (Snake:2)
  3 merfolk avatars
  An alligator snapping turtle (Shoals:5)
  4 centaur warriors
  The ghost of Pikaro the Spry, a powerful SpEn of Kikubaaqudgha (Volcano)
  13 death yaks
  4 merfolk aquamancers
  8 anacondas
  A deep troll shaman (Lair:8)
  3 satyrs
  2 catoblepae
  10 naga sharpshooters
  Nergalle (D:15)
  3 skeletal warriors (D:14)
  8 shock serpents
  A salamander mystic (Snake:5)
  3 naga ritualists
  8 unseen horrors
  11 sea snakes
  4 orc knights
  2 necromancers
  5 mana vipers
  6 hill giants
  A wizard (D:12)
  19 harpies
  11 salamanders
  An orc sorcerer (D:15)
  3 fauns (Shoals:2)
  A wolf spider zombie (D:15)
  6 griffons
  12 manticores
  15 elephants
  12 sirens
  8 water nymphs
  4 cyclopes
  12 spiny frogs
  12 naga magi
  6 guardian serpents
  32 black mambas
  4 gargoyles
  The ghost of Kemay the Insei, an experienced DrTm (D:4)
  8 centaur skeletons
  A kobold demonologist (D:11)
  2 yaktaurs (Volcano)
  A fire drake (Lair:8)
  2 freezing wraiths (D:14)
  7 trolls
  10 komodo dragons
  Sonja (D:12)
  26 merfolk
  2 wind drakes
  16 polar bears
  A tengu conjurer (D:14)
  12 blink frogs
  Prince Ribbit (D:7)
  12 snapping turtles
  10 slime creatures
  2 ravens (D:14)
  A boulder beetle (Lair:6)
  2 flying skulls (D:11)
  A wyvern (Lair:8)
  16 humans
  3 basilisks
  A trapdoor spider (D:15)
  8 water elementals
  5 deep elf magi
  5 shadows
  A vampire (D:13)
  52 yaks
  A centaur simulacrum (D:15)
  A spriggan (D:8)
  12 vampire mosquitoes
  A warg (D:14)
  15 hippogriffs
  2 hungry ghosts (D:13)
  A deep elf fighter (D:11)
  2 mottled dragons
  45 nagas
  25 wolves
  A soldier ant (D:9)
  31 water moccasins
  13 orc warriors
  5 ice beasts
  A sky beast (Shoals:5)
  A black bear (Lair:8)
  9 ogres
  A wasp (D:12)
  A boring beetle (Lair:6)
  17 centaurs
  7 porcupines
  3 necrophages
  An eye of draining (D:13)
  5 phantoms
  3 brain worms
  3 big kobolds
  16 crocodiles
  2 wyvern zombies
  24 giant frogs
  A wyvern skeleton (D:11)
  3 jellies
  4 scorpions
  6 killer bees
  8 wights
  9 electric eels
  2 giant frog zombies (D:11)
  5 lava snakes
  9 crimson imps
  A quasit (D:10)
  4 goliath beetles
  15 orc priests
  3 giant frog skeletons
  5 centaur zombies
  11 iguanas
  8 hounds
  7 orc wizards
  14 worker ants
  28 sheep
  Ijyb (D:2)
  2 hound zombies (D:11)
  2 hound skeletons
  A mummy (D:10)
  5 worker ant zombies
  Robin (D:2)
  24 adders
  51 river rats
  10 gnolls
  9 shadow imps
  6 giant mites
  2 worms
  An adder zombie (D:6)
  An adder skeleton (D:9)
  6 giant geckos
  An ooze (D:1)
  67 orcs
  A ball python (D:1)
  21 bats
  2 bat skeletons (D:6)
  4 giant cockroaches
  27 goblins
  20 hobgoblins
  22 quokkas
  A giant gecko zombie (D:6)
  6 giant newts
  2 giant spores
  11 jackals
  A jackal skeleton (D:5)
  33 kobolds
  2 orc zombies (D:9)
  20 rats
  44 ballistomycetes
1317 creatures vanquished.

Vanquished Creatures (collateral kills)
  Ilsuiw (Shoals:5)
  A greater naga (Snake:5)
  A merfolk impaler (Shoals:5)
  2 naga warriors (Snake:5)
  A merfolk avatar (Shoals:5)
  A death yak (Lair:5)
  A sea snake (Snake:5)
  A cyclops (Shoals:1)
  4 harpies (Shoals:5)
  3 elephants (Lair:7)
  2 naga magi
  6 nagas
  5 merfolk
  2 water elementals (Shoals:5)
  A hungry ghost (D:11)
  A yak (Lair:2)
  A porcupine (Lair:7)
  A mottled dragon (D:11)
  A water moccasin (Snake:3)
  A sky beast (D:13)
  An eye of draining (D:13)
  An electric eel (D:13)
  A giant frog skeleton (D:11)
  An orc priest (D:9)
  A giant gecko (D:11)
  A bat (Shoals:5)
  A hobgoblin (D:8)
44 creatures vanquished.

Vanquished Creatures (others)
  A merfolk avatar (Shoals:5)
  A catoblepas (Lair:5)
  A wizard (D:15)
  A sea snake (Shoals:5)
  A water nymph (Shoals:4)
  A black mamba (Snake:3)
  A guardian serpent (Snake:5)
  45 drowned souls
  2 naga magi
  A troll (D:14)
  2 yaks (IceCv)
  4 shadows
  3 nagas
  3 wolves (IceCv)
  A crimson imp (D:9)
  A sheep (Shoals:4)
  2 shadow imps (D:10)
  2 orcs (D:9)
  6 giant spores
  An orc zombie (D:9)
  6 fungi
  2 plants (Shoals:5)
  11 toadstools (Lair:5)
99 creatures vanquished.

Grand Total: 1460 creatures vanquished

Notes
Turn   | Place    | Note
--------------------------------------------------------------
     0 | D:1      | PolkaDot, the Vampire Enchanter, began the quest for the Orb.
     0 | D:1      | Reached XP level 1. HP: 13/13 MP: 3/3
   284 | D:1      | Reached skill level 5 in Hexes
   318 | D:1      | Reached XP level 2. HP: 16/19 MP: 4/4
   341 | D:1      | Learned a level 2 spell: Ensorcelled Hibernation
   807 | D:2      | Reached XP level 3. HP: 7/24 MP: 0/6
  1243 | D:2      | Noticed Ijyb
  1266 | D:2      | Killed Ijyb
  1266 | D:2      | Reached skill level 6 in Hexes
  1533 | D:2      | Found a sparkling altar of Nemelex Xobeh.
  1573 | D:2      | Reached skill level 5 in Stealth
  1573 | D:2      | Reached XP level 4. HP: 30/30 MP: 4/7
  2032 | D:2      | Noticed Robin
  2044 | D:2      | Killed Robin
  2258 | D:3      | Reached skill level 7 in Hexes
  2258 | D:3      | Reached XP level 5. HP: 35/35 MP: 9/9
  2683 | D:3      | Found a glowing golden altar of the Shining One.
  3274 | D:3      | Reached XP level 6. HP: 12/41 MP: 3/10
  3637 | D:3      | Reached skill level 8 in Hexes
  3958 | D:4      | Reached skill level 1 in Ice Magic
  4302 | D:4      | Noticed Kemay's ghost (experienced DrTm)
  4383 | D:3      | Learned a level 3 spell: Confuse
  4386 | D:3      | Learned a level 2 spell: Sure Blade
  4402 | D:4      | Killed Kemay's ghost
  4402 | D:4      | Reached XP level 7. HP: 12/46 MP: 6/12
  5018 | D:5      | Entered Level 5 of the Dungeon
  5279 | D:5      | Found a bloodstained altar of Trog.
  5285 | D:5      | Reached skill level 9 in Hexes
  5297 | D:5      | Reached XP level 8. HP: 52/52 MP: 5/13
  6818 | D:6      | Reached skill level 5 in Shields
  7005 | D:6      | Found a staircase to the Ecumenical Temple.
  7013 | Temple   | Entered the Ecumenical Temple
  7279 | D:6      | Reached skill level 10 in Hexes
  7396 | D:6      | Found a snail-covered altar of Cheibriados.
  7463 | D:6      | Reached skill level 10 in Stealth
  7598 | D:7      | Found Qyfurya's Antique Weapon Emporium.
  7636 | D:7      | Noticed Prince Ribbit
  7641 | D:7      | Killed Prince Ribbit
  7697 | D:7      | Found a deep blue altar of Sif Muna.
  7715 | D:7      | Reached XP level 9. HP: 57/57 MP: 10/14
  7716 | D:7      | Reached skill level 11 in Hexes
  7719 | D:7      | Identified Sif Muna's Volume of Sinister Rituals (You found it on level 7 of the Dungeon)
  7953 | D:7      | Found a shadowy altar of Dithmenos.
  8152 | D:7      | Became a worshipper of Dithmenos the Shadowed
  8836 | D:8      | Found a blossoming altar of Fedhas.
  8926 | D:8      | Reached skill level 12 in Hexes
  9053 | D:8      | Learned a level 4 spell: Enslavement
  9555 | D:8      | Reached skill level 5 in Short Blades
  9780 | D:8      | Noticed a hornet
 10136 | D:8      | Reached skill level 13 in Hexes
 10362 | D:7      | Acquired Dithmenos' first power
 10425 | D:8      | Identified the Disquisition on Confrontation
 10482 | D:9      | Found a shattered altar of Ashenzari.
 10489 | D:9      | Got a twitching ruby amulet
 10547 | D:9      | Found a runed door.
 10566 | D:9      | Found a runed door.
 10664 | D:9      | Found a staircase to the Orcish Mines.
 10671 | D:9      | Reached XP level 10. HP: 58/63 MP: 6/16
 10987 | D:2      | Identified the amulet of Rerab {Stasis Dex+4 SInv} (You found it on level 9 of the Dungeon)
 12377 | D:9      | Reached skill level 14 in Hexes
 13030 | D:10     | Entered Level 10 of the Dungeon
 13032 | D:10     | Acquired Dithmenos' second power
 13114 | D:10     | Noticed an unseen horror
 13122 | D:10     | Killed an unseen horror
 13122 | D:10     | Reached skill level 1 in Armour
 13410 | D:10     | Noticed a catoblepas
 13597 | D:10     | Killed a catoblepas
 14153 | D:10     | Found a roughly hewn altar of Beogh.
 14444 | D:10     | Gained mutation: You are frail (-10% HP). [potion of mutation]
 14444 | D:10     | Gained mutation: You are weak. (Str -2) [potion of mutation]
 14444 | D:10     | Gained mutation: You have a pair of small horns on your head. [potion of mutation]
 14771 | D:11     | Reached skill level 15 in Hexes
 14771 | D:11     | Reached XP level 11. HP: 32/61 MP: 15/17
 15020 | D:11     | Noticed an unseen horror
 15024 | D:11     | Noticed a hill giant
 15256 | D:11     | Acquired Dithmenos' third power
 15292 | D:11     | Found a staircase to the Lair.
 15474 | Lair:1   | Entered Level 1 of the Lair of Beasts
 15632 | Lair:1   | Reached skill level 16 in Hexes
 15724 | Lair:1   | Upgraded the game from 0.16-a0-3493-gd9d85f0 to 0.16-a0-3496-g6490362
 16561 | Lair:2   | Found a frozen archway.
 16574 | IceCv    | Entered an ice cave
 16574 | IceCv    | Noticed Kemay's ghost (powerful MfTm)
 16584 | IceCv    | Killed Kemay's ghost
 16584 | IceCv    | Reached skill level 15 in Stealth
 16804 | IceCv    | Reached skill level 17 in Hexes
 16848 | IceCv    | Noticed an ice statue
 17029 | IceCv    | Reached XP level 12. HP: 66/66 MP: 9/18
 17133 | IceCv    | Lost mutation: You are frail (-10% HP). [potion of cure mutation]
 17133 | IceCv    | Lost mutation: You are weak. (Str -2) [potion of cure mutation]
 17133 | IceCv    | Lost mutation: You have a pair of small horns on your head. [potion of cure mutation]
 17170 | IceCv    | Noticed a death yak
 17200 | IceCv    | Killed a death yak
 17676 | IceCv    | Noticed a white draconian
 17676 | IceCv    | Noticed a death yak
 17685 | IceCv    | Reached skill level 18 in Hexes
 17687 | IceCv    | Killed a death yak
 17691 | IceCv    | Acquired Dithmenos' fourth power
 17695 | IceCv    | Killed a white draconian
 18045 | Lair:2   | Got a dazzling trident
 18046 | Lair:2   | Identified the cursed +3 trident "Quneginy" {freeze, Int-1} (You found it on level 2 of the Lair of Beasts)
 18867 | Lair:3   | Reached skill level 19 in Hexes
 18871 | Lair:3   | Reached skill level 10 in Short Blades
 19030 | Lair:3   | Noticed Gastronok
 19055 | Lair:3   | Killed Gastronok
 19160 | Lair:3   | Noticed Maud
 19164 | Lair:3   | Killed Maud
 19272 | Lair:3   | Reached XP level 13. HP: 79/79 MP: 15/19
 20373 | Lair:4   | Reached skill level 20 in Hexes
 20604 | Lair:4   | Found a staircase to the Shoals.
 21360 | Lair:5   | Found a dark tunnel.
 21368 | Volcano  | Entered a volcano
 21385 | Volcano  | Noticed Pikaro's ghost (powerful SpEn)
 21444 | Volcano  | Killed Pikaro's ghost
 21784 | Lair:5   | Found a glowing silver altar of Zin.
 22434 | Lair:5   | Found a staircase to the Snake Pit.
 23321 | Lair:6   | Noticed Rupert
 23324 | Lair:6   | Reached skill level 21 in Hexes
 23392 | Lair:6   | Noticed Snorg
 23396 | Lair:6   | Killed Snorg
 23431 | Lair:6   | Noticed Harold
 23445 | Lair:6   | Killed Harold
 23476 | Lair:6   | Reached XP level 14. HP: 85/85 MP: 15/20
 24016 | Lair:7   | Reached skill level 5 in Ice Magic
 25012 | Lair:8   | Entered Level 8 of the Lair of Beasts
 25041 | Lair:8   | Found a viscous altar of Jiyva.
 25041 | Lair:8   | Found a staircase to the Slime Pits.
 25269 | Lair:8   | Reached skill level 22 in Hexes
 25754 | Lair:8   | Reached skill level 1 in Invocations
 25968 | Lair:8   | Got a smoking granite ring
 25970 | Lair:8   | Identified the ring "Twe Rimp" {rElec rF+ Str+3} (You found it on level 8 of the Lair of Beasts)
 26690 | Lair:6   | Killed Rupert
 27369 | Lair:5   | Noticed a dire elephant
 27493 | Lair:5   | Identified Wueps' Papyrus of Virous Combat Magic
 28225 | D:11     | Killed a hill giant
 28226 | D:11     | an unseen horror (ally) was killed
 28366 | D:11     | Noticed a necromancer
 28369 | D:11     | Killed a necromancer
 28530 | D:11     | Noticed Josephine
 28532 | D:11     | Killed Josephine
 28549 | D:11     | Reached skill level 5 in Invocations
 29341 | D:12     | Reached XP level 15. HP: 90/90 MP: 18/23
 29590 | D:12     | Noticed Sonja
 29597 | D:12     | Killed Sonja
 29605 | D:12     | Learned a level 1 spell: Apportation
 29608 | D:12     | Learned a level 2 spell: Blink
 30996 | D:13     | Found a runed gate.
 30996 | D:13     | Found a runed gate.
 30996 | D:13     | Found a runed gate.
 31335 | D:13     | Got a pair of pitted gloves
 31484 | D:13     | Identified the +2 pair of gloves "Primivek" {+Rage rC+} (You found it on level 13 of the Dungeon)
 31488 | D:13     | Found a runed gate.
 31488 | D:13     | Found a runed gate.
 31488 | D:13     | Found a runed gate.
 31708 | D:13     | Reached skill level 23 in Hexes
 31864 | D:14     | Found a gate to the Vaults.
 31864 | D:14     | Noticed Norris
 32130 | D:14     | Found a flagged portal.
 32146 | Bailey   | Entered a bailey
 32620 | D:14     | Found an ancient bone altar of Kikubaaqudgha.
 32863 | D:14     | Found Klaqej's Gadget Boutique.
 32871 | D:14     | Paralysed by Norris for 5 turns
 32878 | D:14     | Bought a lantern of shadows for 220 gold pieces
 32878 | D:14     | Bought a phantom mirror for 330 gold pieces
 32917 | D:14     | Killed Norris
 33625 | D:15     | Entered Level 15 of the Dungeon
 33625 | D:15     | Noticed Nergalle
 33626 | D:15     | Killed Nergalle
 34441 | D:15     | Found a staircase to the Depths.
 34542 | D:15     | Found an opulent altar of Gozag.
 35387 | Shoals:1 | Entered Level 1 of the Shoals
 35621 | Shoals:1 | Reached XP level 16. HP: 96/96 MP: 29/29
 35632 | Shoals:1 | Found Niahygun's General Store.
 35996 | Shoals:1 | Reached skill level 10 in Invocations
 36273 | Shoals:2 | Found an opulent altar of Gozag.
 36482 | Shoals:2 | Found a basalt altar of Yredelemnul.
 36488 | Shoals:2 | Reached skill level 1 in Translocations
 36888 | Shoals:3 | Reached skill level 1 in Throwing
 36899 | Shoals:3 | Learned a level 3 spell: Passwall
 37185 | Shoals:3 | Got a faintly glowing cloak
 37207 | Shoals:3 | Identified the +0 cloak "Smytu" {rElec rCorr Int+4 Curse} (You found it on level 3 of the Shoals)
 38226 | Shoals:4 | Reached skill level 24 in Hexes
 38445 | Shoals:4 | Noticed Aizul
 38469 | Shoals:4 | Killed Aizul
 38651 | Shoals:5 | Entered Level 5 of the Shoals
 38677 | Shoals:5 | Reached skill level 5 in Translocations
 38729 | Shoals:5 | Noticed Furman's ghost (mighty DECj)
 38757 | Shoals:5 | Killed Furman's ghost
 39269 | Shoals:5 | Noticed Ilsuiw
 39364 | Shoals:5 | Killed Ilsuiw
 39428 | Shoals:5 | Reached XP level 17. HP: 98/101 MP: 6/30
 39616 | Shoals:5 | Learned a level 6 spell: Invisibility
 39973 | Shoals:5 | Reached skill level 1 in Evocations
 40293 | Shoals:5 | Reached skill level 5 in Spellcasting
 40418 | Shoals:5 | Got a barnacled rune of Zot
 41524 | Snake:1  | Entered Level 1 of the Snake Pit
 41717 | Snake:1  | Found Pseedweoff's Assorted Antiques.
 42900 | Snake:2  | Noticed Nessos
 42910 | Snake:2  | Killed Nessos
 42910 | Snake:2  | Reached skill level 1 in Transmutations
 43256 | Snake:3  | Noticed Nikola
 43463 | Snake:3  | Noticed Roxanne
 43524 | Snake:3  | Noticed Louise
 43528 | Snake:3  | Killed Louise
 43947 | Snake:3  | Found Yrchiopna's Jewellery Shop.
 44010 | Snake:3  | Killed Nikola
 44470 | Snake:3  | Learned a level 6 spell: Deflect Missiles
 44552 | Snake:4  | Noticed Vashnia
 44552 | Snake:4  | Noticed Asterion
 44553 | Snake:4  | Reached skill level 1 in Air Magic
 44558 | Snake:4  | Killed Vashnia
 44561 | Snake:4  | Killed Asterion
 44561 | Snake:4  | Reached skill level 5 in Evocations
 46036 | Snake:4  | Reached skill level 1 in Earth Magic
 46373 | Snake:4  | Identified a scroll of acquirement
 46375 | Snake:4  | Got a bloodstained leather armour
 46386 | Snake:4  | Identified the +0 leather armour "Giafuojey" {rC++} (You acquired it on level 4 of the Snake Pit)
 46432 | Snake:5  | Entered Level 5 of the Snake Pit
 46578 | Snake:5  | Reached XP level 18. HP: 107/107 MP: 27/32
 46903 | Snake:5  | Reached skill level 5 in Air Magic
 47423 | Snake:5  | Reached skill level 1 in Charms
 48512 | Snake:5  | Reached skill level 1 in Fighting
 48767 | Snake:5  | Reached skill level 5 in Charms
 48774 | Snake:5  | Got a serpentine rune of Zot
 48774 | Snake:5  | Slain by a greater naga

Action                   |  1- 3 |  4- 6 |  7- 9 | 10-12 | 13-15 | 16-18 || total
-------------------------+-------+-------+-------+-------+-------+-------++-------
Melee: Dagger            |   106 |   155 |   318 |   794 |  1539 |  1153 ||  4065
       Trident           |       |       |       |    36 |       |       ||    36
       Unarmed           |       |       |       |       |     1 |       ||     1
Throw: Throwing net      |       |       |       |       |       |    13 ||    13
 Cast: Ensorcelled Hiber |    13 |    27 |    67 |    97 |   244 |   236 ||   684
       Corona            |     1 |       |     1 |       |     3 |    29 ||    34
       Confuse           |       |     2 |    15 |    30 |   104 |    66 ||   217
       Enslavement       |       |       |     2 |    11 |    22 |    68 ||   103
       Apportation       |       |       |       |       |    12 |    30 ||    42
       Sure Blade        |       |       |       |       |       |     2 ||     2
       Passwall          |       |       |       |       |       |    10 ||    10
       Invisibility      |       |       |       |       |       |     4 ||     4
       Blink             |       |       |       |       |       |     2 ||     2
Invok: Shadow Step       |       |       |       |     2 |     3 |     9 ||    14
       Shadow Form       |       |       |       |       |     2 |     2 ||     4
 Abil: End Transformatio |       |       |     2 |     1 |     5 |     2 ||    10
       Bat Form          |       |       |     2 |     1 |     5 |     2 ||    10
       Evoke Flight      |       |       |     1 |     1 |     6 |    30 ||    38
Evoke: Wand              |       |       |       |     5 |    10 |     8 ||    23
       Phantom mirror    |       |       |       |       |     1 |       ||     1
       Deck              |       |       |       |       |       |     1 ||     1
       Fan of gales      |       |       |       |       |       |     1 ||     1
  Use: Scroll            |     2 |     1 |     1 |    17 |    18 |    14 ||    53
       Potion            |       |       |     1 |    16 |     4 |     3 ||    24
 Stab: Sleeping          |    16 |    26 |    96 |   160 |   302 |   243 ||   843
       Distracted        |     1 |       |     1 |     5 |    14 |    14 ||    35
       Confused          |       |     3 |     8 |    17 |    72 |    30 ||   130
       Petrified         |       |       |       |     1 |     1 |       ||     2
       Fleeing           |       |       |       |     1 |     1 |       ||     2
       Invisible         |       |       |       |       |     6 |     8 ||    14
       Betrayed ally     |       |       |       |       |     3 |     7 ||    10
       Petrifying        |       |       |       |       |     3 |       ||     3
       Held in net/web   |       |       |       |       |       |     6 ||     6
  Eat: Corpse            |       |     1 |       |     2 |       |     3 ||     6
